 Dungeon Crawl Stone Soup version 0.28.0-53-g5a82cb258f (webtiles) character file.

Game seed: 7921324959963017980

643 Zeld the Changer (level 7, -7/60 HPs)
             Began as a Black Draconian Transmuter on June 3, 2022.
             Killed from afar by an acid dragon (24 damage)
             ... with a splash of acid
             ... on level 4 of the Dungeon.
             The game lasted 00:04:08 (6160 turns).

Zeld the Changer (Black Draconian Transmuter)       Turns: 6160, Time: 00:04:08

Health: -7/60      AC:  2    Str: 15    XL:     7   Next: 26%
Magic:  12/13      EV: 19    Int: 13    God:
Gold:   97         SH:  0    Dex: 16    Spells: 4/14 levels left

rFire   . . .      SeeInvis .     - Unarmed
rCold   . . .      Faith    .   (shield currently unavailable)
rNeg    . . .      Spirit   .   (armour unavailable)
rPois   x          Reflect  .   (helmet currently unavailable)
rElec   .          Harm     .   (cloak currently unavailable)
rCorr   .          Rampage  .   (gloves currently unavailable)
Will    .....                   (boots currently unavailable)
Stlth   +.........              (no amulet)
HPRegen 0.20/turn               (no ring)
MPRegen 0.13/turn               (no ring)

@: spider-form (expiring)
A: venomous fangs, (breathe lightning), AC +6, tiny, unfitting armour,
(electricity resistance), (cold-blooded)
a: End Transformation


You were on level 4 of the Dungeon.
You were a venomous arachnid creature.
You visited 2 branches of the dungeon, and saw 5 of its levels.

You collected 97 gold pieces.

Inventory:

Armour
 i - a +1 pair of gloves (melded)
 j - a +2 pair of boots (melded)
Jewellery
 n - an amulet of reflection
Scrolls
 a - a scroll of teleportation
 b - 2 scrolls of identify {unknown}
 d - 2 scrolls of enchant armour {unknown}
 e - a scroll of fear {unknown}
 f - a scroll of amnesia {unknown}
 h - a scroll of blinking {unknown}
 k - a scroll of vulnerability {unknown}
Potions
 c - a potion of heal wounds {unknown}
 g - 2 potions of berserk rage {unknown}
 l - 2 potions of curing {unknown}
 m - 2 potions of cancellation {unknown}
 o - a potion of mutation {unknown}


   Skills:
 + Level 4.4 Fighting
 - Level 1.7 Dodging
 - Level 3.0 Unarmed Combat
 * Level 4.2 Spellcasting
 * Level 4.5 Transmutations
 - Level 2.0 Ice Magic
 - Level 2.0 Poison Magic


You had 4 spell levels left.
You knew the following spells:

 Your Spells              Type           Power      Damage    Failure   Level
a - Beastly Appendage     Tmut           28%        N/A       11%         1
b - Wereblood             Tmut           14%        N/A       14%         2
c - Spider Form           Tmut/Pois      11%        N/A       34%         3
d - Ice Form              Ice/Tmut       11%        N/A       67%         4

Your spell library contained the following spells:

 Spells                   Type           Power      Damage    Failure   Level
 Slow                     Hex            8%         N/A       41%         1
 Sublimation of Blood     Necr           2%         N/A       52%         2
 Confusing Touch          Hex            2%         N/A       73%         3
 Vampiric Draining        Necr           2%         2d6       73%         3
 Summon Hydra             Summ           1%         N/A       100%        7


Dungeon Overview and Level Annotations

Branches:
Dungeon (4/15)             Temple (1/1) D:4

Altars:
Ashenzari
Cheibriados
Dithmenos
Fedhas
Hepliaklqana
Makhleb
Okawaru
Qazlal
Trog
Uskayaw
Wu Jian


Innate Abilities, Weirdness & Mutations

You are a venomous arachnid creature.
You have poisonous fangs.
You are tiny and dextrous.
Your spellcasting is less reliable in this form.
Your armour is entirely melded.
You are incapable of wielding weapons or throwing items.
((You can breathe wild blasts of lightning.))
((Your glossy black scales are hard. (AC +6)))
You cannot fit into any form of body armour.
((You are resistant to electric shocks. (rElec)))
((You are cold-blooded and may be slowed by cold attacks.))


Message History

The splash of acid misses you.
You barely miss the acid dragon.
The acid dragon is moderately wounded.
The acid dragon misses you. The acid dragon claws you.
You hit the acid dragon but do no damage.
The acid dragon is moderately wounded.
The acid dragon misses you. The acid dragon completely misses you.
You hit the acid dragon.
The acid dragon is heavily wounded.
The acid dragon completely misses you. The acid dragon claws you.
You are too injured to fight recklessly!
A frilled lizard comes into view.
The frilled lizard hisses angrily.
An orc wizard comes into view. It is wielding a +0 hand axe.
Your transformation is almost over.
The orc wizard shouts!
The orc wizard moves out of view.
The frilled lizard misses you.
You bite the frilled lizard!
You kill the frilled lizard!
The orc wizard gestures at you while chanting.
The magic dart hits you. The acid dragon closely misses you.
The acid dragon misses you.
Unknown command.
You hit the orc wizard but do no damage.
The orc wizard is poisoned.
The acid dragon closely misses you. The acid dragon claws you.
The orc wizard barely misses you.
An orc comes into view. It is wielding a +0 trident.
The orc shouts!
You hit the orc wizard.
The orc wizard is moderately wounded.
The acid dragon bites you. The acid dragon misses you.
The orc wizard hits you with a +0 hand axe.
* * * LOW HITPOINT WARNING * * *
Unknown command.
The orc wizard closely misses you.
You have got your breath back.
The acid dragon spits acid at you. The splash of acid hits you!!
You die...

#.####### #########.
##(###########.......#.
###.[..................#.
#.......)................
#.#..#<..)..####.......).
#####.#..######.# #..#######
#........# #.# #..#......
#........######.####..#|#####
#........oD.s.......D.#.# #[
#........o#####.#####.#.# #.
#..............)..D...#.# #.
#..........o...<#######.## #.
#####>........(....).....# #D
#.......###.#.######.# #.
#.###...# #.#)# #.###) #.#
###.# #.#.######..##. ### #.#
#.#..........#.


You could see an acid dragon (very poisoned, catching breath), an orc wizard
(very poisoned) and an orc.

Vanquished Creatures
  Sigmund (D:2)
  A necrophage (D:4)
  An ogre (D:4)
  A scorpion (D:4)
  An orc priest (D:4)
  An iguana (D:4)
  2 orc wizards
  4 gnolls (D:4)
  3 adders
  4 worms
  3 dart slugs
  8 orcs
  5 endoplasms
  7 giant cockroaches
  3 goblins
  9 hobgoblins
  3 jackals (D:4)
  8 kobolds
  3 quokkas
  4 ball pythons
  7 frilled lizards
79 creatures vanquished.

Vanquished Creatures (others)
  4 plants (D:4)
4 creatures vanquished.

Grand Total: 83 creatures vanquished

Notes
Turn   | Place    | Note
-------+----------+-------------------------------------------
     0 | D:1      | Zeld the Draconian Transmuter began the quest for the Orb.
     0 | D:1      | Reached XP level 1. HP: 16/16 MP: 3/3
   185 | D:1      | Reached XP level 2. HP: 23/23 MP: 3/5
   193 | D:1      | Learned a level 2 spell: Wereblood
   229 | D:2      | Noticed Sigmund
   588 | D:1      | Reached skill level 1 in Ice Magic
   721 | D:1      | Reached skill level 1 in Poison Magic
  1068 | D:4      | Noticed a necrophage
  1081 | D:4      | Killed a necrophage
  1082 | D:4      | Reached XP level 3. HP: 7/29 MP: 4/6
  1082 | D:4      | Reached XP level 4. HP: 9/36 MP: 4/7
  1086 | D:4      | Learned a level 3 spell: Spider Form
  1528 | D:4      | Noticed an acid dragon
  1910 | D:4      | Reached XP level 5. HP: 30/42 MP: 3/9
  2276 | D:4      | Found a staircase to the Ecumenical Temple.
  2287 | Temple   | Entered the Ecumenical Temple
  2935 | D:1      | Learned a level 4 spell: Ice Form
  3033 | D:1      | Found a faded altar of an unknown god.
  3535 | D:2      | Killed Sigmund
  3536 | D:2      | Reached XP level 6. HP: 27/52 MP: 3/11
  4995 | D:3      | Found an iron altar of Okawaru.
  5946 | D:4      | Your scales start taking on a glossy black colour.
  5946 | D:4      | Reached XP level 7. HP: 55/60 MP: 8/13
  5946 | D:4      | Gained mutation: You are resistant to electric shocks.
                  | (rElec) [Black Draconian growth]
  6160 | D:4      | Killed from afar by an acid dragon

Illustrated notes

Levels and vault maps discovered:
D:1:      dpeg_arrival_central, layout_loops_ring,
          ebering_ecumenical_altar_abandoned, nrook_campfire
D:2:      layout_basic, minmay_tetromino_s4, uniq_sigmund
D:3:      layout_loops_corners, mainiacjoe_overflow_24_doors,
          wad_floor_pattern_untrapped
D:4:      layout_basic, temple_green, ebering_ghost_reflecting_pool,
          minmay_lizard_king
Temple:   eino_wide_crystal_templ

Skill      XL: |  1  2  3  4  5  6 |
---------------+-------------------+-----
Ice Magic      | 2 |  2.0
Poison Magic   | 2 |  2.0
Fighting       | 2 3 4 |  4.4
Transmutations | 3 4 |  4.5
Spellcasting   | 3 4 |  4.2
Dodging        | |  1.7
Unarmed Combat | |  3.0

Action                   |  1- 3 |  4- 6 |  7- 9 || total
-------------------------+-------+-------+-------++-------
Melee: Unarmed           |    52 |   162 |    13 ||   227
       Kick              |     7 |    19 |       ||    26
       Tailslap          |     5 |     7 |       ||    12
       Headbutt          |     5 |    11 |       ||    16
       Punch             |     3 |     2 |       ||     5
 Cast: Beastly Appendage |    14 |    29 |       ||    43
       Spider Form       |       |    10 |     2 ||    12
 Abil: Breathe Lightning |       |       |     1 ||     1
  Use: Scroll            |       |     1 |       ||     1
 Stab: Sleeping          |       |     1 |       ||     1
Armor: Skin              |    10 |    38 |       ||    48
Dodge: Dodged            |    30 |   109 |    18 ||   157
